 Dungeon Crawl Stone Soup version 0.31.0-9-g3a7656b989 (webtiles) character file.

Game seed: 4112815163512154115

929 qw the Nimble (level 7, -3/35 HPs)
             Began as a Spriggan Hunter on Feb 2, 2024.
             Was a Follower of Okawaru.
             Slain by a killer bee (7 damage)
             ... on level 5 of the Dungeon.
             The game lasted 00:00:21 (4085 turns).

qw the Nimble (Spriggan Hunter)                     Turns: 4085, Time: 00:00:22

Health: -3/35      AC:  2    Str:  7    XL:     7   Next: 85%
Magic:  10/10      EV: 26    Int: 10    God:    Okawaru [*.....]
Gold:   207        SH:  0    Dex: 26    Spells: 6/6 levels left

rFire   . . .        k - +0 orcbow
rCold   . . .        (shield currently unavailable)
rNeg    . . .        l - +0 robe "Vesuni Roga" {Dex+5}
rPois   .            (helmet restricted)
rElec   .            m - scarf {repulsion}
rCorr   .            (gloves unavailable)
SInv    +            (boots unavailable)
Will    +....        (no amulet)
Stlth   ++           (no ring)
HPRegen 0.25/turn    (no ring)
MPRegen 0.12/turn

%: repel missiles
@: very quick
A: very small, no large weapons, unfitting armour, see invisible, speed 3
a: Renounce Religion, Heroism


You were on level 5 of the Dungeon.
You worshipped Okawaru.
Okawaru was aware of your devotion.
You visited 2 branches of the dungeon, and saw 6 of its levels.

You collected 207 gold pieces.


Innate Abilities, Weirdness & Mutations

You are very small and have problems with some larger weapons.
You are too small for most types of armour.
You have supernaturally acute eyesight. (SInv)
You cover ground extremely quickly. (Speed+++)


   Skills:
 - Level 2.2 Fighting
 - Level 7.0 Ranged Weapons
 + Level 8.1 Dodging
 - Level 1.5 Stealth
 + Level 2.9 Invocations


You had 6 spell levels left.
You didn't know any spells.
Your spell library was empty.

Inventory:

Hand Weapons
 k - a +0 orcbow (weapon)
Armour
 d - a +0 cloak
 l - the +0 robe "Vesuni Roga" (worn) {Dex+5}
   (You found it on level 3 of the Dungeon)

   Dex+5:     It affects your dexterity (+5).
 m - a scarf of repulsion (worn)
Jewellery
 n - a ring of protection from fire
Scrolls
 a - a scroll of identify
Potions
 b - a potion of resistance
 c - 2 potions of heal wounds {unknown}
 e - a potion of haste
 f - a potion of degeneration {unknown}
 g - a potion of lignification {unknown}
 h - a potion of brilliance {unknown}
 i - a potion of curing {unknown}
 j - a potion of enlightenment {unknown}

Dungeon Overview and Level Annotations

Branches:
Dungeon (5/15)             Temple (1/1) D:4

Altars:
Ashenzari
Cheibriados
Elyvilon
Gozag
Kikubaaqudgha
Nemelex Xobeh
Okawaru
Qazlal
Ru
Sif Muna
Trog
Uskayaw
Vehumet
Yredelemnul

Shops:
D:3 (


Message History

You shoot an arrow. The arrow misses the killer bee.
The arrow closely misses the killer bee.
You feel sick. The killer bee closely misses you. The killer bee misses you.
The killer bee stings you.
You shoot an arrow. The arrow barely misses the killer bee.
The arrow hits the killer bee.
The killer bee is moderately wounded.
You feel sick.
You are no longer poisoned.
The killer bee barely misses you. The killer bee stings you.
You are poisoned.
The killer bee poisons you!
You shoot an arrow. The arrow hits the killer bee!
The killer bee is almost dead.
You feel sick. The killer bee completely misses you. The killer bee misses you.
You shoot an arrow. The arrow barely misses the killer bee.
The arrow hits the killer bee.
The killer bee is heavily wounded.
You feel sick. The killer bee closely misses you. The killer bee misses you.
You shoot an arrow.
The arrow closely misses the killer bee. x2
You feel sick. The killer bee completely misses you.
The killer bee barely misses you. The killer bee closely misses you.
You shoot an arrow. The arrow misses the killer bee.
The arrow barely misses the killer bee.
You feel sick. The killer bee misses you. The killer bee barely misses you.
You shoot an arrow. The arrow barely misses the killer bee.
The arrow hits the killer bee!
You kill the killer bee!
Okawaru accepts your kill.
You feel sick. The killer bee barely misses you. The killer bee misses you.
Your Dodging skill increases to level 8!
You shoot an arrow.
The arrow completely misses the killer bee.
You feel sick.
You are no longer poisoned.
The killer bee misses you. x2
You shoot an arrow. The arrow misses the killer bee.
The killer bee completely misses you. The killer bee stings you!
You die...

#.##...##.# #'#.#
#####.#..#.##.# ###...##...
#.............###......'...
###..##.##.##..##......##..
#..#.......#..#.......#
#........#.##.'.......#
##.#.....#.####.......#
#..#.....#.# #......##
#.#......#@# #......+
#.#.#....#y######...##
#.#.#....#(.....#+#.#
#.#.#.............###
#.#.#....)#.......##
#.#.####..#........# #.#.#
#..#........'...... #.#
...#####...##...... ....
..#### .....y


You could see a killer bee.

Vanquished Creatures
  Menkaure (D:5)
  An ice beast (D:5)
  2 centaurs (D:5)
  A bullfrog (D:4)
  2 killer bees (D:5)
  A bombardier beetle (D:4)
  2 hounds
  A jelly (D:5)
  An iguana (D:4)
  2 sleepcaps
  2 orc wizards (D:4)
  A gnoll (D:3)
  5 adders
  3 dart slugs
  2 ribbon worms
  10 orcs
  4 ball pythons
  5 endoplasms
  4 giant cockroaches
  13 goblins
  6 hobgoblins
  12 kobolds
  2 quokkas
  5 bats
  3 frilled lizards
  5 rats
96 creatures vanquished.

Notes
Turn   | Place    | Note
-------+----------+-------------------------------------------
     0 | D:1      | qw the Spriggan Hunter began the quest for the Orb.
     0 | D:1      | Reached XP level 1. HP: 10/10 MP: 2/2
     0 | D:1      | 0 ||| qw: Version: 0.3-a-155-g5e7d8dd
     0 | D:1      | 0 ||| qw: Game counter: 225
     0 | D:1      | 0 ||| qw: Melee chars always use a shield: true
     0 | D:1      | 0 ||| qw: God list: Okawaru
     0 | D:1      | 0 ||| qw: Allow faded altars: false
     0 | D:1      | 0 ||| qw: Do Orc after clearing Dungeon:15 true
     0 | D:1      | 0 ||| qw: Do second Lair branch before Depths: true
     0 | D:1      | 0 ||| qw: Lair rune preference: random
     0 | D:1      | 0 ||| qw: Goals: Normal
     0 | D:1      | 0 ||| PLANNING D:1-11
    49 | D:1      | Reached skill level 3 in Dodging
   262 | D:1      | Reached XP level 2. HP: 14/14 MP: 3/3
   308 | D:1      | Reached skill level 4 in Dodging
   499 | D:1      | 499 ||| DROPPING amulet of magic regeneration.
   500 | D:1      | 500 ||| READING scroll labelled ENAONAO JERHALLEL.
   503 | D:1      | 503 ||| READING scroll labelled YBANECEM EG SAO.
   504 | D:1      | 504 ||| READING scroll labelled RERYSETYOR.
   505 | D:1      | 505 ||| DRINKING 2 silvery potions.
   506 | D:1      | 506 ||| DROPPING scroll of butterflies.
   612 | D:2      | 612 ||| RETREEEEATING.
   615 | D:2      | 615 ||| RETREEEEATING.
   616 | D:2      | 616 ||| RETREEEEATING.
   697 | D:2      | Reached XP level 3. HP: 13/18 MP: 4/4
  1481 | D:2      | 1481 ||| READING scroll labelled UPLALOIG NATH.
  1482 | D:2      | 1482 ||| READING scroll labelled JERUC SUKKIZE.
  1482 | D:2      | 1482 ||| ENCHANTING +0 shortbow.
  1504 | D:3      | 1504 ||| STAIRDANCE
  1586 | D:3      | Reached XP level 4. HP: 17/22 MP: 5/5
  1797 | D:3      | Found Cagg's Antique Weapon Shop.
  1894 | D:3      | Reached skill level 5 in Dodging
  1899 | D:3      | HP: 5/22 [gnoll/+0 spear (5)]
  1900 | D:3      | 1900 ||| READING 2 scrolls of teleportation.
  2142 | D:3      | Identified the +0 robe "Vesuni Roga" {Dex+5}
  2241 | D:3      | Found a sparkling altar of Nemelex Xobeh.
  2607 | D:3      | 2607 ||| UPGRADING to +0 robe "Vesuni Roga" {Dex+5}.
  2617 | D:3      | 2617 ||| DROPPING +0 robe.
  2618 | D:3      | 2618 ||| UPGRADING to scarf of repulsion.
  2623 | D:3      | 2623 ||| READING scroll labelled SUTAONE BIASME.
  2623 | D:3      | 2623 ||| IDENTIFYING purple potion
  2624 | D:3      | 2624 ||| READING scroll labelled ATSIMY JOFE.
  2625 | D:3      | 2625 ||| READING scroll labelled ROAWEN NID ZOD.
  2627 | D:3      | 2627 ||| Stepping ~*~*~tactically~*~*~ (cloud).
  2772 | D:4      | Reached XP level 5. HP: 26/26 MP: 6/6
  2817 | D:4      | Reached skill level 6 in Dodging
  2817 | D:4      | 2817 ||| FLEEEEING.
  2818 | D:4      | 2818 ||| FLEEEEING.
  2820 | D:4      | 2820 ||| FLEEEEING.
  2824 | D:4      | 2824 ||| FLEEEEING.
  2861 | D:4      | Found a staircase to the Ecumenical Temple.
  2862 | D:4      | 2862 ||| PLANNING TEMPLE
  2862 | D:4      | 2862 ||| READING scroll labelled HYCVE TAISIPTU.
  2873 | Temple   | Entered the Ecumenical Temple
  2874 | Temple   | 2874 ||| PLANNING OKAWARU WORSHIP
  2882 | Temple   | Became a worshipper of Warmaster Okawaru
  2883 | Temple   | 2883 ||| PLANNING D:1-11
  2951 | D:4      | 2951 ||| FLEEEEING.
  2952 | D:4      | 2952 ||| FLEEEEING.
  2953 | D:4      | 2953 ||| FLEEEEING.
  2955 | D:4      | 2955 ||| FLEEEEING.
  3028 | D:4      | Reached XP level 6. HP: 30/30 MP: 7/7
  3272 | D:4      | Reached skill level 6 in Ranged Weapons
  3480 | D:5      | Entered Level 5 of the Dungeon
  3482 | D:5      | Found a shimmering blue altar of Sif Muna.
  3609 | D:5      | Noticed an ice beast
  3610 | D:5      | 3610 ||| RETREEEEATING.
  3611 | D:5      | 3611 ||| RETREEEEATING.
  3621 | D:5      | Noticed Menkaure
  3622 | D:5      | 3622 ||| DRINKING 2 potions of haste.
  3625 | D:5      | Reached skill level 7 in Dodging
  3628 | D:5      | Killed Menkaure
  3628 | D:5      | Reached * piety under Okawaru
  3629 | D:5      | Reached XP level 7. HP: 13/35 MP: 8/8
  3636 | D:5      | HP: 7/35 [ice beast (5)]
  3637 | D:5      | 3637 ||| READING scroll of teleportation.
  3639 | D:5      | Reached skill level 1 in Invocations
  3916 | D:5      | 3916 ||| SWAPPING to +0 orcbow.
  3917 | D:5      | 3917 ||| DROPPING +0 shortbow.
  4058 | D:5      | 4058 ||| RETREEEEATING.
  4061 | D:5      | 4061 ||| RETREEEEATING.
  4062 | D:5      | 4062 ||| RETREEEEATING.
  4063 | D:5      | 4063 ||| RETREEEEATING.
  4064 | D:5      | 4064 ||| RETREEEEATING.
  4065 | D:5      | 4065 ||| RETREEEEATING.
  4066 | D:5      | 4066 ||| RETREEEEATING.
  4067 | D:5      | 4067 ||| RETREEEEATING.
  4068 | D:5      | 4068 ||| RETREEEEATING.
  4079 | D:5      | HP: 7/35 [poisoned by a killer bee]
  4084 | D:5      | Reached skill level 8 in Dodging
  4084 | D:5      | HP: 3/35 [poisoned by a killer bee]
  4085 | D:5      | Slain by a killer bee

Levels and vault maps discovered:
D:1:      erik_arrival_blinker_ship, layout_basic
D:2:      layout_loops_corners, minmay_joined_circles
D:3:      layout_basic, mainiacjoe_overflow_tiny_flanked, serial_shops,
          nicolae_shop_stone, minmay_surrounded
D:4:      layout_cave_pools, minmay_temple_entry_trees, serial_bayou,
          serial_bayou_lake_a, serial_bayou_crossing, serial_bayou_pond_d,
          serial_bayou_shore_b
D:5:      nicolae_cairo_tiling_very_big, layout_basic, general_overflow_altar,
          eino_curves_04, uniq_menkaure
Temple:   nicolae_temple_no_exploring_needed

Skill      XL: |  1  2  3  4  5  6  7 |
---------------+----------------------+-----
Dodging        | 3 4 5 6 7 8 |  8.1
Ranged Weapons | 5 6 7 |  7.0
Fighting       | 2 |  2.2
Invocations    | 2 |  2.9
Stealth        | |  1.5

Action                     |  1- 3 |  4- 6 |  7- 9 || total
---------------------------+-------+-------+-------++-------
   Fire: Shortbow          |   102 |   184 |    20 ||   306
         Orcbow            |       |       |    37 ||    37
    Use: Scroll            |     5 |     5 |     1 ||    11
         Potion            |     1 |     1 |       ||     2
 Armour: Robe              |    11 |    24 |    10 ||    45
  Dodge: Dodged            |    42 |    68 |    47 ||   157
         Repelled          |       |     1 |       ||     1

Table legend:
 A = Non-vault XP
 B = Vault XP
 C = Vault XP percentage of total XP
 D = Non-vault monster count
 E = Vault monster count
 F = Vault count percentage of total count
                 A         B        C        D         E       F
            +---------+---------+-------+---------+---------+-------
      Total |    1130 |     198 |  14.9 |      77 |      19 |  19.8
            +---------+---------+-------+---------+---------+-------
        D:1 |      21 |       0 |   0.0 |      13 |       0 |   0.0
        D:2 |      41 |      22 |  34.9 |      11 |      13 |  54.2
        D:3 |      59 |       7 |  10.6 |      19 |       5 |  20.8
        D:4 |     379 |       0 |   0.0 |      23 |       0 |   0.0
        D:5 |     630 |     169 |  21.2 |      11 |       1 |   8.3
            +---------+---------+-------+---------+---------+-------
